 Dungeon Crawl Stone Soup version 0.30-a0-570-g486de37d69 (webtiles) character file.

Game seed: 12001054923669236721

214 gruber the Chiller (level 5, -13/38 HPs)
             Began as a Gnoll Ice Elementalist on Dec 29, 2022.
             Mangled by Menkaure (14 damage)
             ... on level 4 of the Dungeon.
             The game lasted 00:03:02 (2761 turns).

gruber the Chiller (Gnoll Ice Elementalist)         Turns: 2761, Time: 00:03:03

Health: -13/38     AC: 11    Str:  7    XL:     5   Next: 92%
Magic:  10/12      EV: 13    Int: 16    God:
Gold:   125        SH:  0    Dex: 13    Spells: 7/14 levels left

rFire   . . .      SeeInvis +    s - +0 falchion (vamp)
rCold   + . .      Faith    .    (no shield)
rNeg    . . .      Spirit   .    m - +2 leather armour {rC+}
rPois   .          Reflect  .    v - +1 hat {SInv}
rElec   .          Harm     .    (no cloak)
rCorr   .          Rampage  .    (no gloves)
Will    .....                    (no boots)
Stlth   ++                       a - amulet of the acrobat
HPRegen 0.26/turn                (no ring)
MPRegen 0.13/turn                (no ring)

@: ice-armoured
A: fangs 1, strong nose, distributed training
a: no special abilities


You were on level 4 of the Dungeon.
You visited 1 branch of the dungeon, and saw 4 of its levels.

You collected 125 gold pieces.

Inventory:

Hand Weapons
 n - a +1 hand axe of venom
 s - a +0 vampiric falchion (weapon)
Missiles
 j - 8 poisoned darts
Armour
 m - a +2 leather armour of cold resistance (worn)
 v - a +1 hat of see invisible (worn)
Magical Staves
 l - a staff of death
Jewellery
 a - an amulet of the acrobat (around neck)
 w - an amulet of magic regeneration
Scrolls
 e - 6 scrolls of identify {unknown}
 f - a scroll of fog {unknown}
 g - a scroll of silence {unknown}
 h - a scroll of noise {unknown}
 o - a scroll of brand weapon {unknown}
 p - a scroll of enchant armour {unknown}
 q - 2 scrolls of teleportation {unknown}
 t - a scroll of enchant weapon {unknown}
 u - a scroll of magic mapping {unknown}
Potions
 b - 2 potions of magic
 c - a potion of brilliance {unknown}
 d - a potion of lignification {unknown}
 i - 4 potions of curing {unknown}
 k - a potion of mutation {unknown}
 r - a potion of cancellation {unknown}
 x - a potion of heal wounds {unknown}


   Skills:
 + Level 1.8 Fighting
 + Level 1.8 Short Blades
 + Level 1.8 Long Blades
 + Level 1.8 Axes
 + Level 1.8 Maces & Flails
 + Level 1.8 Polearms
 + Level 1.8 Staves
 + Level 1.8 Ranged Weapons
 + Level 1.8 Throwing
 + Level 1.8 Armour
 + Level 4.9 Dodging
 + Level 4.5 Stealth
 + Level 1.8 Shields
 + Level 1.8 Unarmed Combat
 + Level 5.3 Spellcasting
 + Level 1.4 Conjurations
 + Level 1.4 Hexes
 + Level 1.4 Summonings
 + Level 1.4 Necromancy
 + Level 1.4 Translocations
 + Level 1.4 Transmutations
 + Level 1.4 Fire Magic
 + Level 7.2 Ice Magic
 + Level 1.4 Air Magic
 + Level 1.4 Earth Magic
 + Level 1.4 Poison Magic
 + Level 2.0 Invocations
 + Level 1.8 Evocations


You had 7 spell levels left.
You knew the following spells:

 Your Spells              Type           Power      Damage    Failure   Level
a - Freeze                Ice            100%       1d10      1%          1
b - Frozen Ramparts       Ice            54%        1d9       3%          3
c - Ozocubu's Armour      Ice            27%        N/A       3%          3

Your spell library contained the following spells:

 Spells                   Type           Power      Damage    Failure   Level
 Summon Ice Beast         Ice/Summ       18%        N/A       34%         4


Dungeon Overview and Level Annotations

Branches:
Dungeon (4/15)
 Temple: D:4-7

Altars:
Cheibriados

Annotations:
D:4 Menkaure


Innate Abilities, Weirdness & Mutations

You have very sharp teeth.
Your uncanny sense of smell can sniff out nearby items.
Your experience applies equally to all skills.


Message History

Menkaure hits you. Menkaure closely misses you.
You hit Menkaure.
Menkaure is moderately damaged.
Menkaure barely misses you.
You slash Menkaure! You bite Menkaure, but do no damage.
Menkaure is severely damaged.
Menkaure hits you. The giant cockroach misses you. Menkaure hits you!
You hit Menkaure but do no damage.
Menkaure is severely damaged.
The giant cockroach bites you but does no damage.
Menkaure barely misses you.
An adder comes into view.
The adder hisses angrily.
You hit Menkaure but do no damage. You bite Menkaure, but do no damage.
Menkaure is severely damaged.
The giant cockroach closely misses you. Menkaure hits you.
The giant cockroach bites you but does no damage.
Menkaure misses you.
The giant cockroach completely misses you.
Menkaure misses you.
The giant cockroach completely misses you.
A quokka comes into view.
Menkaure calls on the powers of darkness!
The adder convulses!
Your body is wracked with pain!
The giant cockroach convulses!
The quokka convulses!
You hit Menkaure.
Menkaure is severely damaged.
Menkaure hits you!
* * * LOW HITPOINT WARNING * * *
The giant cockroach misses you.
Unknown command.
Unknown command.
Your icy armour will break if you move.
Continue?
Okay, then.
Unknown command.
You hit Menkaure. You bite Menkaure, but do no damage.
Menkaure is almost destroyed.
Menkaure completely misses you. The giant cockroach barely misses you.
The adder misses you. The giant cockroach misses you. Menkaure hits you!
You die...

####........
##........... .
#...........
.#.#.........#
............#
##..........# #
........B..##.#
....##@S.....#
#..###M...r.# #
#..##.......#
#...#####....###.#...
.....M.....### ## ..
.........### .
.....##.... ....
##....# ... ##.###


You could see Menkaure (fast), an adder, a quokka and a giant cockroach.

Vanquished Creatures
  An iron imp (D:3)
  An orc priest (D:2)
  An orc wizard (D:2)
  Robin (D:3)
  3 adders (D:3)
  4 dart slugs
  3 orcs (D:2)
  7 bats
  7 endoplasms
  2 giant cockroaches
  14 goblins
  9 hobgoblins
  4 jackals (D:2)
  2 quokkas (D:1)
  3 ball pythons
  6 frilled lizards
  7 kobolds
  7 rats
82 creatures vanquished.

Notes
Turn   | Place    | Note
-------+----------+-------------------------------------------
     0 | D:1      | gruber the Gnoll Ice Elementalist began the quest for the
                  | Orb.
     0 | D:1      | Reached XP level 1. HP: 13/13 MP: 6/6
   152 | D:1      | Reached XP level 2. HP: 18/19 MP: 1/7
   465 | D:1      | Reached skill level 5 in Spellcasting
   465 | D:1      | Reached XP level 3. HP: 18/25 MP: 3/9
   469 | D:1      | Learned a level 3 spell: Frozen Ramparts
   473 | D:1      | Learned a level 3 spell: Ozocubu's Armour
   991 | D:2      | Reached skill level 1 in Invocations
  1051 | D:2      | Reached skill level 1 in Fighting
  1051 | D:2      | Reached skill level 1 in Short Blades
  1051 | D:2      | Reached skill level 1 in Long Blades
  1051 | D:2      | Reached skill level 1 in Axes
  1051 | D:2      | Reached skill level 1 in Maces & Flails
  1051 | D:2      | Reached skill level 1 in Polearms
  1051 | D:2      | Reached skill level 1 in Staves
  1051 | D:2      | Reached skill level 1 in Ranged Weapons
  1051 | D:2      | Reached skill level 1 in Throwing
  1051 | D:2      | Reached skill level 1 in Armour
  1051 | D:2      | Reached skill level 1 in Shields
  1051 | D:2      | Reached skill level 1 in Unarmed Combat
  1051 | D:2      | Reached skill level 1 in Evocations
  1051 | D:2      | Reached XP level 4. HP: 13/32 MP: 4/11
  1053 | D:2      | Reached skill level 1 in Conjurations
  1053 | D:2      | Reached skill level 1 in Hexes
  1053 | D:2      | Reached skill level 1 in Summonings
  1053 | D:2      | Reached skill level 1 in Necromancy
  1053 | D:2      | Reached skill level 1 in Translocations
  1053 | D:2      | Reached skill level 1 in Transmutations
  1053 | D:2      | Reached skill level 1 in Fire Magic
  1053 | D:2      | Reached skill level 1 in Air Magic
  1053 | D:2      | Reached skill level 1 in Earth Magic
  1053 | D:2      | Reached skill level 1 in Poison Magic
  1990 | D:3      | Reached XP level 5. HP: 37/37 MP: 12/12
  2099 | D:3      | Noticed Robin
  2109 | D:3      | Killed Robin
  2507 | D:3      | Found a snail-covered altar of Cheibriados.
  2737 | D:4      | Noticed Menkaure
  2760 | D:4      | HP: 1/38 [Menkaure (15)]
  2761 | D:4      | Mangled by Menkaure

Illustrated notes

Levels and vault maps discovered:
D:1:      lightli_arrival_statue_moat, layout_rooms
D:2:      layout_basic, minmay_misc_feat_columns
D:3:      layout_loops_ring, slow_altar_1, kennysheep_generic_room_10,
          uniq_robin
D:4:      layout_cave_pools, nzn_wu_jian_contemplation,
          hangedman_decor_diamond_cutter, uniq_menkaure, uniq_sigmund

Skill      XL: |  1  2  3  4  5 |
---------------+----------------+-----
Spellcasting   | 5 |  5.3
Invocations    | 1 2 |  2.0
Fighting       | 1 |  1.8
Short Blades   | 1 |  1.8
Long Blades    | 1 |  1.8
Axes           | 1 |  1.8
Maces & Flails | 1 |  1.8
Polearms       | 1 |  1.8
Staves         | 1 |  1.8
Ranged Weapons | 1 |  1.8
Throwing       | 1 |  1.8
Armour         | 1 |  1.8
Shields        | 1 |  1.8
Unarmed Combat | 1 |  1.8
Evocations     | 1 |  1.8
Conjurations   | 1 |  1.4
Hexes          | 1 |  1.4
Summonings     | 1 |  1.4
Necromancy     | 1 |  1.4
Translocations | 1 |  1.4
Transmutations | 1 |  1.4
Fire Magic     | 1 |  1.4
Air Magic      | 1 |  1.4
Earth Magic    | 1 |  1.4
Poison Magic   | 1 |  1.4
Dodging        | |  4.9
Stealth        | |  4.5
Ice Magic      | |  7.2

Action                   |  1- 3 |  4- 6 || total
-------------------------+-------+-------++-------
Melee: Unarmed           |     8 |       ||     8
       Staff             |     5 |       ||     5
       Bite              |     1 |    14 ||    15
       Punch             |     1 |     1 ||     2
       Hand axe          |       |    39 ||    39
       Falchion          |       |    49 ||    49
 Cast: Freeze            |    43 |     1 ||    44
       Frozen Ramparts   |     1 |     4 ||     5
       Ozocubu's Armour  |       |     2 ||     2
 Stab: Sleeping          |       |    10 ||    10
Armor: Robe              |    12 |       ||    12
       Leather armour    |       |    26 ||    26
Dodge: Dodged            |    28 |    75 ||   103

Table legend: (Time is in decaauts)
 A = Elapsed time spent in this place.
 B = Non-inter-level travel time spent in this place.
 C = Inter-level travel time spent in this place.
 D = Time resting spent in this place.
 E = Time spent auto-exploring this place.
 F = Levels seen in this place.
 G = Mean time per level.
                   A        B        C        D        E       F      G
               +--------+--------+--------+--------+--------+-----+--------+
         Total |   2779 |   2727 |     52 |      4 |   2144 |   4 |  694.8 |
       Dungeon |   2779 |   2727 |     52 |      4 |   2144 |   4 |  694.8 |
               +--------+--------+--------+--------+--------+-----+--------+

Top non-repeatable levels by time:
     D:2: 1215 daAuts
     D:1: 777 daAuts
     D:3: 753 daAuts
     D:4: 33 daAuts
